[ PARTIDA AOE2 · #476000750 ]
UnrankedTeutones vs Celts
[ ANÁLISIS DE REPETICIÓN · EXTRAÍDO DE LA PARTIDA GRABADA ]
Feudal
7:16
Castillos
16:55
Imperial
32:41
| APM promedio | 19.8 |
| APM pico | 83 |
| eAPM promedio | 10.9 |
| Aldeanos / militares | 126 / 516 |
Foco
⚔️ 36.6% · 🌾 63.4%
Spearman ×300 · Knight ×194 · Scout Cavalry ×18 · Trade Cart ×14 · Trebuchet (Packed) ×4
Feudal
—
Castillos
—
Imperial
—
| APM promedio | 0.6 |
| APM pico | 30 |
| eAPM promedio | 0.3 |
| Aldeanos / militares | 6 / 0 |
Foco
⚔️ 0.0% · 🌾 100.0%
Feudal
11:45
Castillos
23:23
Imperial
41:02
| APM promedio | 8.0 |
| APM pico | 31 |
| eAPM promedio | 7.1 |
| Aldeanos / militares | 110 / 216 |
Foco
⚔️ 33.0% · 🌾 67.0%
Archer ×158 · War Wagon ×25 · Bombard Cannon ×19 · Trade Cart ×16 · Skirmisher ×13 · Monk ×1
Feudal
10:26
Castillos
14:46
Imperial
28:42
| APM promedio | 36.3 |
| APM pico | 81 |
| eAPM promedio | 18.3 |
| Aldeanos / militares | 236 / 449 |
Foco
⚔️ 31.7% · 🌾 68.3%
Scout Cavalry ×165 · Mangudai ×112 · Battering Ram ×90 · Scorpion ×80 · Trade Cart ×30 · Monk ×2
Feudal
8:56
Castillos
14:49
Imperial
32:18
| APM promedio | 26.0 |
| APM pico | 72 |
| eAPM promedio | 18.1 |
| Aldeanos / militares | 175 / 610 |
Foco
⚔️ 24.9% · 🌾 75.1%
Spearman ×350 · Skirmisher ×155 · Longbowman ×99 · Trade Cart ×29 · Trebuchet (Packed) ×5 · Monk ×1
Feudal
6:12
Castillos
25:45
Imperial
44:43
| APM promedio | 8.9 |
| APM pico | 61 |
| eAPM promedio | 8.1 |
| Aldeanos / militares | 124 / 89 |
Foco
⚔️ 29.0% · 🌾 71.0%
Knight ×64 · Trade Cart ×37 · Scout Cavalry ×25
Feudal
9:49
Castillos
13:39
Imperial
31:57
| APM promedio | 45.8 |
| APM pico | 92 |
| eAPM promedio | 31.1 |
| Aldeanos / militares | 407 / 474 |
Foco
⚔️ 19.2% · 🌾 80.8%
War Elephant ×421 · Trade Cart ×89 · Bombard Cannon ×36 · Trebuchet (Packed) ×17
Feudal
8:51
Castillos
12:21
Imperial
30:18
| APM promedio | 27.8 |
| APM pico | 71 |
| eAPM promedio | 21.5 |
| Aldeanos / militares | 246 / 326 |
Foco
⚔️ 35.8% · 🌾 64.2%
Iron Pagoda ×325 · Trade Cart ×187 · Monk ×1
Mapa de la partida
Recursos iniciales + cada clic de construcción. Líneas = muros · curvas = relieve. ◆ oro · ⬟ piedra · ● bayas · ✦ reliquia · ◌ hueco del cierre
Tu base· Abierta — flanco sin cerrar
Base de 蕭瑟春秋· ✓ Cerrada en 12:00 · 0t muro · sin puerta
Base de MAZANAKES· ✓ Cerrada en 23:23 · 71t muro · 6 puerta(s)
Base de 小龙问路· Abierta — flanco sin cerrar
Base de 心肌梗塞· Abierta — hueco de 7t
Base de billgatesasesinoyladron· ✓ Cerrada en 25:45 · 0t muro · sin puerta
Base de Kunji· ✓ Cerrada en 13:39 · 0t muro · sin puerta
Base de Delulu· Abierta — flanco sin cerrar
Terreno inicial suavizado · ◌ = hueco del cierre detectado · pasá el cursor para detalles
Inputs por minuto
— Jan301198 - - 蕭瑟春秋
Build order — Jan301198
Primeras 150 de 369 acciones detectadas
| 0:09 | Crear | Villager (Male) ×5 |
| 0:15 | Construir | House |
| 0:30 | Construir | Mill |
| 1:11 | Construir | House |
| 2:01 | Crear | Villager (Male) |
| 2:15 | Construir | Lumber Camp |
| 2:44 | Crear | Villager (Male) |
| 3:37 | Crear | Villager (Male) |
| 3:37 | Crear | Villager (Male) |
| 3:43 | Crear | Villager (Male) |
| 5:06 | Investigar | Feudal Age |
| 7:06 | Crear | Villager (Male) ×5 |
| 7:16 | Edad | Edad Feudal |
| 7:47 | Construir | House |
| 9:06 | Construir | Blacksmith |
| 9:11 | Construir | Market |
| 9:17 | Investigar | Horse Collar |
| 9:20 | Investigar | Double-Bit Axe |
| 9:25 | Crear | Villager (Male) |
| 9:25 | Crear | Villager (Male) |
| 9:25 | Crear | Villager (Male) |
| 10:21 | Construir | House |
| 11:05 | Crear | Villager (Male) ×5 |
| 12:40 | Construir | House |
| 13:16 | Construir | Farm |
| 13:20 | Construir | Farm |
| 14:15 | Investigar | Castle Age |
| 15:37 | Construir | Farm |
| 15:40 | Construir | Farm |
| 15:46 | Construir | Farm |
| 15:55 | Construir | Farm |
| 16:06 | Construir | Farm |
| 16:17 | Construir | Farm |
| 16:23 | Construir | Farm |
| 16:28 | Construir | Farm |
| 16:31 | Construir | Farm |
| 16:37 | Construir | Farm |
| 16:49 | Investigar | Wheelbarrow |
| 16:55 | Edad | Edad de los Castillos |
| 17:02 | Construir | Town Center |
| 17:09 | Construir | Town Center |
| 17:17 | Construir | Town Center |
| 17:24 | Construir | Town Center |
| 17:35 | Investigar | Bow Saw |
| 17:38 | Investigar | Heavy Plow |
| 18:28 | Crear | Villager (Male) ×5 |
| 19:06 | Crear | Villager (Male) ×5 |
| 19:08 | Crear | Villager (Male) |
| 19:19 | Crear | Villager (Male) |
| 19:30 | Construir | Farm |
| 19:37 | Construir | Farm |
| 19:41 | Construir | Farm |
| 19:45 | Crear | Villager (Male) ×2 |
| 19:54 | Crear | Villager (Male) |
| 20:14 | Construir | Mining Camp |
| 20:29 | Construir | Lumber Camp |
| 20:39 | Crear | Villager (Male) ×4 |
| 20:49 | Crear | Villager (Male) |
| 20:54 | Crear | Villager (Male) |
| 21:10 | Construir | Farm |
| 21:15 | Construir | Farm |
| 21:20 | Construir | Farm |
| 21:24 | Construir | Farm |
| 21:27 | Construir | Farm |
| 21:29 | Crear | Villager (Male) ×3 |
| 21:35 | Construir | House |
| 21:38 | Construir | House |
| 21:41 | Construir | House |
| 21:43 | Construir | House |
| 21:48 | Construir | House |
| 21:50 | Construir | House |
| 21:53 | Construir | House |
| 21:56 | Construir | House |
| 21:58 | Construir | House |
| 22:03 | Construir | House |
| 22:17 | Crear | Villager (Male) ×4 |
| 22:23 | Construir | Farm |
| 22:31 | Crear | Villager (Male) ×3 |
| 22:33 | Construir | Farm |
| 22:43 | Construir | Lumber Camp |
| 22:55 | Construir | Farm |
| 22:58 | Construir | Farm |
| 23:00 | Construir | Farm |
| 23:03 | Construir | Farm |
| 23:06 | Construir | Farm |
| 23:10 | Crear | Villager (Male) ×4 |
| 23:15 | Construir | Farm |
| 23:35 | Crear | Villager (Male) ×5 |
| 23:53 | Investigar | Gold Mining |
| 24:01 | Investigar | Stone Mining |
| 24:18 | Construir | Farm |
| 24:30 | Crear | Villager (Male) ×5 |
| 24:31 | Crear | Villager (Male) ×2 |
| 24:43 | Crear | Villager (Male) |
| 24:53 | Crear | Villager (Male) |
| 24:53 | Crear | Villager (Male) |
| 25:08 | Construir | Mining Camp |
| 25:13 | Crear | Villager (Male) ×5 |
| 25:38 | Crear | Villager (Male) ×5 |
| 26:02 | Construir | Barracks |
| 26:04 | Construir | Barracks |
| 26:05 | Construir | Barracks |
| 26:18 | Crear | Villager (Male) ×5 |
| 26:24 | Crear | Villager (Male) ×5 |
| 26:29 | Construir | Mining Camp |
| 26:39 | Construir | Monastery |
| 26:45 | Construir | University |
| 26:47 | Investigar | Stone Shaft Mining |
| 26:54 | Investigar | Town Watch |
| 26:54 | Investigar | Loom |
| 27:22 | Construir | Mining Camp |
| 27:36 | Construir | Lumber Camp |
| 27:43 | Investigar | Hand Cart |
| 27:46 | Crear | Villager (Male) ×5 |
| 27:58 | Construir | House |
| 28:01 | Construir | House |
| 28:03 | Construir | House |
| 28:06 | Construir | House |
| 28:09 | Construir | House |
| 28:23 | Construir | Castle |
| 28:26 | Investigar | Man-at-Arms (upgrade) |
| 28:31 | Construir | Farm |
| 28:33 | Construir | Farm |
| 28:35 | Construir | Farm |
| 29:31 | Investigar | Imperial Age |
| 29:37 | Construir | Farm |
| 29:39 | Construir | Farm |
| 29:52 | Crear | Villager (Male) ×5 |
| 29:57 | Crear | Villager (Male) |
| 29:57 | Crear | Villager (Male) |
| 29:59 | Crear | Villager (Male) |
| 30:12 | Construir | Castle |
| 30:22 | Construir | Stable |
| 30:26 | Construir | Stable |
| 30:31 | Construir | Stable |
| 30:35 | Investigar | Gambesons |
| 30:53 | Construir | Mining Camp |
| 30:59 | Construir | Farm |
| 31:01 | Construir | Farm |
| 31:03 | Construir | Farm |
| 31:06 | Crear | Villager (Male) ×5 |
| 31:06 | Crear | Villager (Male) ×5 |
| 31:07 | Investigar | Town Patrol |
| 31:13 | Investigar | Scale Barding Armor |
| 31:17 | Construir | Farm |
| 31:19 | Construir | Farm |
| 31:21 | Construir | Farm |
| 31:23 | Construir | Farm |
| 31:25 | Construir | Farm |
| 31:30 | Construir | Farm |
Build order — 蕭瑟春秋
8 acciones detectadas en el replay
| 7:02 | Crear | Villager (Male) |
| 7:02 | Crear | Villager (Male) |
| 7:02 | Crear | Villager (Male) |
| 7:03 | Crear | Villager (Male) |
| 7:03 | Crear | Villager (Male) |
| 7:03 | Crear | Villager (Male) |
| 7:05 | Construir | House |
| 7:07 | Construir | House |
Build order — MAZANAKES
Primeras 150 de 311 acciones detectadas
| 0:05 | Investigar | Loom |
| 0:07 | Crear | Villager (Male) ×5 |
| 0:15 | Construir | House |
| 0:16 | Construir | House |
| 0:17 | Construir | House |
| 0:18 | Construir | House |
| 0:33 | Construir | Palisade Wall |
| 0:41 | Construir | Palisade Gate |
| 0:44 | Construir | Palisade Gate |
| 2:10 | Crear | Villager (Male) |
| 2:11 | Crear | Villager (Male) |
| 2:12 | Crear | Villager (Male) |
| 2:12 | Crear | Villager (Male) |
| 2:12 | Crear | Villager (Male) |
| 2:13 | Crear | Villager (Male) |
| 2:59 | Crear | Villager (Male) |
| 2:59 | Crear | Villager (Male) |
| 3:55 | Crear | Villager (Male) |
| 3:56 | Crear | Villager (Male) |
| 3:56 | Crear | Villager (Male) |
| 3:56 | Crear | Villager (Male) |
| 4:30 | Crear | Villager (Male) |
| 5:12 | Crear | Villager (Male) |
| 5:12 | Crear | Villager (Male) |
| 5:12 | Crear | Villager (Male) |
| 5:13 | Crear | Villager (Male) |
| 6:12 | Construir | Mining Camp |
| 7:23 | Crear | Villager (Male) |
| 7:23 | Crear | Villager (Male) |
| 9:00 | Construir | Mill |
| 9:27 | Construir | Lumber Camp |
| 9:35 | Investigar | Feudal Age |
| 10:36 | Construir | House |
| 10:37 | Construir | House |
| 10:38 | Construir | House |
| 10:40 | Construir | House |
| 10:41 | Construir | House |
| 10:42 | Construir | House |
| 10:44 | Construir | House |
| 10:45 | Construir | House |
| 10:46 | Construir | House |
| 11:23 | Construir | Mill |
| 11:45 | Edad | Edad Feudal |
| 12:02 | Construir | Stone Wall |
| 12:10 | Construir | Stone Wall |
| 12:21 | Construir | Gate |
| 12:23 | Construir | Gate |
| 12:42 | Construir | Stone Wall |
| 12:43 | Construir | Stone Wall |
| 12:53 | Construir | Gate |
| 13:00 | Construir | Gate |
| 13:13 | Investigar | Wheelbarrow |
| 13:14 | Crear | Villager (Male) ×5 |
| 13:17 | Investigar | Double-Bit Axe |
| 13:24 | Investigar | Horse Collar |
| 14:07 | Construir | Farm |
| 14:08 | Construir | Farm |
| 14:08 | Construir | Farm |
| 14:08 | Construir | Farm |
| 14:09 | Construir | Farm |
| 14:10 | Construir | Farm |
| 16:19 | Crear | Villager (Male) ×5 |
| 16:45 | Crear | Villager (Male) ×5 |
| 16:53 | Construir | Farm |
| 16:53 | Construir | Farm |
| 16:53 | Construir | Farm |
| 16:54 | Construir | Farm |
| 16:54 | Construir | Farm |
| 16:55 | Construir | Farm |
| 17:12 | Construir | Market |
| 17:17 | Construir | Blacksmith |
| 18:05 | Construir | Mining Camp |
| 19:18 | Construir | Barracks |
| 19:36 | Investigar | Stone Mining |
| 19:37 | Investigar | Gold Mining |
| 20:12 | Investigar | Castle Age |
| 21:11 | Crear | Villager (Male) ×5 |
| 23:23 | Edad | Edad de los Castillos |
| 23:26 | Construir | Archery Range |
| 23:28 | Construir | Archery Range |
| 23:51 | Construir | Town Center |
| 23:55 | Investigar | Bow Saw |
| 24:02 | Investigar | Fletching |
| 24:08 | Investigar | Stone Shaft Mining |
| 24:08 | Investigar | Gold Shaft Mining |
| 24:20 | Construir | Mining Camp |
| 24:30 | Construir | Mining Camp |
| 24:34 | Investigar | Hand Cart |
| 24:35 | Crear | Villager (Male) ×5 |
| 24:51 | Construir | Castle |
| 24:58 | Crear | Skirmisher ×5 |
| 24:59 | Crear | Skirmisher ×5 |
| 25:00 | Crear | Skirmisher ×3 |
| 25:49 | Construir | Lumber Camp |
| 26:00 | Crear | Villager (Male) ×5 |
| 26:19 | Construir | Watch Tower |
| 26:21 | Construir | Watch Tower |
| 26:25 | Construir | Watch Tower |
| 26:28 | Construir | Watch Tower |
| 26:30 | Construir | Watch Tower |
| 26:35 | Construir | Watch Tower |
| 27:01 | Investigar | Bodkin Arrow |
| 27:13 | Crear | Villager (Male) |
| 27:13 | Crear | Villager (Male) |
| 27:36 | Construir | Watch Tower |
| 27:38 | Construir | Watch Tower |
| 27:42 | Construir | Watch Tower |
| 27:45 | Construir | Watch Tower |
| 28:25 | Investigar | Crossbowman (upgrade) |
| 28:57 | Construir | Monastery |
| 29:13 | Investigar | Thumb Ring |
| 29:16 | Crear | Archer ×5 |
| 29:16 | Crear | Archer ×5 |
| 29:16 | Crear | Archer ×5 |
| 29:32 | Investigar | Town Watch |
| 29:47 | Crear | Villager (Male) ×4 |
| 30:00 | Construir | Farm |
| 30:00 | Construir | Farm |
| 30:01 | Construir | Farm |
| 30:01 | Construir | Farm |
| 30:02 | Construir | Farm |
| 30:02 | Construir | Farm |
| 30:06 | Construir | Farm |
| 30:08 | Construir | Farm |
| 30:32 | Construir | House |
| 30:32 | Construir | House |
| 30:33 | Construir | House |
| 30:33 | Construir | House |
| 30:33 | Construir | House |
| 30:33 | Construir | House |
| 30:34 | Construir | House |
| 30:34 | Construir | House |
| 30:35 | Construir | House |
| 30:35 | Construir | House |
| 30:35 | Construir | House |
| 30:36 | Construir | House |
| 30:36 | Construir | House |
| 30:36 | Construir | House |
| 30:37 | Construir | House |
| 30:37 | Construir | House |
| 30:37 | Construir | House |
| 30:38 | Construir | House |
| 30:38 | Construir | House |
| 31:19 | Crear | Archer ×5 |
| 31:39 | Construir | Mining Camp |
| 31:49 | Crear | Villager (Male) ×5 |
| 32:00 | Crear | Villager (Male) ×5 |
| 32:00 | Crear | Villager (Male) ×5 |
| 32:21 | Construir | University |
| 32:41 | Crear | Archer |
Build order — 小龙问路
Primeras 150 de 516 acciones detectadas
| 0:05 | Construir | House |
| 0:08 | Construir | House |
| 0:15 | Construir | House |
| 0:20 | Crear | Villager (Male) |
| 0:20 | Investigar | Loom |
| 0:21 | Crear | Villager (Male) ×5 |
| 0:38 | Crear | Villager (Male) ×4 |
| 1:48 | Crear | Villager (Male) |
| 2:33 | Construir | Lumber Camp |
| 2:45 | Crear | Villager (Male) ×2 |
| 3:31 | Crear | Villager (Male) ×3 |
| 4:34 | Construir | House |
| 5:03 | Construir | Mill |
| 5:05 | Crear | Villager (Male) ×4 |
| 5:36 | Crear | Villager (Male) |
| 6:14 | Crear | Villager (Male) ×5 |
| 6:45 | Construir | House |
| 7:26 | Crear | Villager (Male) |
| 7:30 | Crear | Villager (Male) |
| 7:55 | Investigar | Feudal Age |
| 7:58 | Construir | Mining Camp |
| 9:19 | Construir | House |
| 9:20 | Construir | House |
| 9:21 | Construir | House |
| 9:22 | Construir | House |
| 9:24 | Construir | House |
| 10:24 | Crear | Villager (Male) |
| 10:25 | Crear | Villager (Male) |
| 10:26 | Edad | Edad Feudal |
| 10:32 | Construir | Market |
| 10:35 | Construir | Blacksmith |
| 11:01 | Investigar | Double-Bit Axe |
| 11:04 | Investigar | Horse Collar |
| 11:11 | Crear | Villager (Male) |
| 11:27 | Crear | Villager (Male) |
| 11:45 | Construir | Lumber Camp |
| 11:55 | Investigar | Castle Age |
| 12:31 | Crear | Villager (Male) |
| 12:51 | Construir | Farm |
| 13:01 | Construir | Farm |
| 13:05 | Construir | Farm |
| 13:08 | Construir | Farm |
| 13:10 | Construir | Farm |
| 13:22 | Construir | Farm |
| 14:10 | Construir | Farm |
| 14:34 | Crear | Villager (Male) |
| 14:46 | Edad | Edad de los Castillos |
| 14:51 | Construir | Town Center |
| 14:56 | Construir | Town Center |
| 15:19 | Investigar | Bow Saw |
| 15:22 | Investigar | Wheelbarrow |
| 16:06 | Investigar | Heavy Plow |
| 16:10 | Crear | Villager (Male) |
| 16:22 | Crear | Villager (Male) |
| 16:28 | Crear | Villager (Male) |
| 16:29 | Crear | Villager (Male) |
| 16:38 | Crear | Villager (Male) |
| 16:41 | Crear | Villager (Male) |
| 16:52 | Construir | Farm |
| 16:55 | Construir | Farm |
| 16:58 | Crear | Villager (Male) |
| 17:13 | Construir | Farm |
| 17:19 | Construir | Farm |
| 17:21 | Crear | Villager (Male) |
| 17:26 | Crear | Villager (Male) |
| 17:33 | Crear | Villager (Male) |
| 17:40 | Construir | Town Center |
| 17:46 | Construir | Farm |
| 17:55 | Crear | Villager (Male) |
| 17:56 | Crear | Villager (Male) |
| 18:15 | Construir | Farm |
| 18:17 | Crear | Villager (Male) |
| 18:20 | Crear | Villager (Male) |
| 18:20 | Crear | Villager (Male) |
| 18:21 | Crear | Villager (Male) |
| 18:39 | Construir | Town Center |
| 18:45 | Crear | Villager (Male) |
| 18:46 | Crear | Villager (Male) |
| 18:50 | Construir | Farm |
| 18:56 | Crear | Villager (Male) |
| 19:08 | Construir | Farm |
| 19:15 | Construir | Farm |
| 19:19 | Construir | Farm |
| 19:22 | Crear | Villager (Male) ×2 |
| 19:36 | Construir | Farm |
| 19:38 | Construir | Farm |
| 19:39 | Construir | Farm |
| 19:41 | Crear | Villager (Male) ×2 |
| 19:47 | Construir | Farm |
| 19:48 | Construir | Farm |
| 19:52 | Crear | Villager (Male) |
| 19:57 | Crear | Villager (Male) |
| 20:00 | Construir | Farm |
| 20:02 | Construir | Farm |
| 20:06 | Crear | Villager (Male) |
| 20:10 | Construir | Farm |
| 20:14 | Crear | Villager (Male) |
| 20:21 | Crear | Villager (Male) |
| 20:26 | Construir | Farm |
| 20:28 | Construir | Farm |
| 20:32 | Crear | Villager (Male) ×2 |
| 20:45 | Crear | Villager (Male) |
| 20:49 | Crear | Villager (Male) |
| 20:58 | Construir | Farm |
| 20:59 | Construir | Farm |
| 21:01 | Construir | Farm |
| 21:03 | Construir | Farm |
| 21:05 | Crear | Villager (Male) ×3 |
| 21:09 | Construir | Farm |
| 21:13 | Crear | Villager (Male) ×2 |
| 21:18 | Construir | Farm |
| 21:18 | Construir | Farm |
| 21:19 | Construir | Farm |
| 21:20 | Construir | Farm |
| 21:22 | Crear | Villager (Male) |
| 21:30 | Crear | Villager (Male) ×2 |
| 21:42 | Construir | Monastery |
| 21:56 | Construir | Farm |
| 22:05 | Investigar | Hand Cart |
| 22:15 | Construir | House |
| 22:16 | Construir | House |
| 22:16 | Construir | House |
| 22:17 | Construir | House |
| 22:22 | Construir | Farm |
| 22:24 | Crear | Villager (Male) ×5 |
| 22:31 | Crear | Villager (Male) |
| 22:31 | Crear | Villager (Male) |
| 22:40 | Crear | Villager (Male) ×3 |
| 22:42 | Crear | Monk |
| 23:07 | Construir | University |
| 23:08 | Crear | Villager (Male) ×5 |
| 23:11 | Construir | Farm |
| 23:16 | Crear | Villager (Male) |
| 23:20 | Construir | House |
| 23:20 | Construir | House |
| 23:21 | Construir | House |
| 23:21 | Construir | House |
| 23:21 | Construir | House |
| 23:21 | Construir | House |
| 23:22 | Construir | House |
| 23:22 | Construir | House |
| 23:37 | Crear | Villager (Male) ×5 |
| 23:57 | Construir | Mill |
| 23:59 | Construir | Farm |
| 23:59 | Construir | Farm |
| 23:59 | Construir | Farm |
| 24:00 | Construir | Farm |
| 24:00 | Construir | Farm |
| 24:05 | Crear | Villager (Male) |
| 24:06 | Crear | Villager (Male) ×5 |
Build order — 心肌梗塞
Primeras 150 de 527 acciones detectadas
| 0:06 | Investigar | Loom |
| 0:06 | Crear | Villager (Male) |
| 0:07 | Crear | Villager (Male) |
| 0:10 | Construir | House |
| 0:28 | Crear | Villager (Male) |
| 0:28 | Crear | Villager (Male) |
| 0:28 | Crear | Villager (Male) |
| 0:29 | Crear | Villager (Male) |
| 0:29 | Crear | Villager (Male) |
| 0:30 | Construir | House |
| 0:55 | Crear | Villager (Male) |
| 0:55 | Crear | Villager (Male) |
| 0:55 | Crear | Villager (Male) |
| 0:56 | Crear | Villager (Male) |
| 1:12 | Construir | House |
| 1:41 | Crear | Villager (Male) |
| 1:42 | Crear | Villager (Male) |
| 1:46 | Construir | House |
| 2:22 | Construir | Lumber Camp |
| 2:42 | Construir | Mill |
| 4:38 | Crear | Villager (Male) |
| 5:04 | Crear | Villager (Male) |
| 5:43 | Crear | Villager (Male) |
| 6:15 | Crear | Villager (Male) |
| 6:37 | Investigar | Feudal Age |
| 8:07 | Crear | Villager (Male) |
| 8:07 | Crear | Villager (Male) |
| 8:56 | Edad | Edad Feudal |
| 9:00 | Crear | Villager (Male) |
| 9:00 | Crear | Villager (Male) |
| 9:01 | Crear | Villager (Male) |
| 9:59 | Construir | Blacksmith |
| 10:49 | Construir | Market |
| 11:00 | Construir | House |
| 11:08 | Crear | Villager (Male) |
| 11:32 | Construir | Mining Camp |
| 11:44 | Crear | Villager (Male) |
| 12:04 | Investigar | Castle Age |
| 12:26 | Investigar | Double-Bit Axe |
| 12:28 | Investigar | Horse Collar |
| 12:35 | Construir | House |
| 12:39 | Construir | House |
| 12:56 | Crear | Villager (Male) |
| 12:57 | Crear | Villager (Male) |
| 12:57 | Crear | Villager (Male) |
| 12:57 | Crear | Villager (Male) |
| 12:57 | Crear | Villager (Male) |
| 13:19 | Construir | Barracks |
| 13:28 | Construir | Lumber Camp |
| 13:57 | Construir | Farm |
| 14:07 | Construir | Farm |
| 14:16 | Crear | Villager (Male) |
| 14:20 | Construir | Farm |
| 14:24 | Construir | Farm |
| 14:27 | Construir | Farm |
| 14:31 | Construir | Farm |
| 14:36 | Investigar | Gold Mining |
| 14:36 | Investigar | Stone Mining |
| 14:48 | Construir | Farm |
| 14:49 | Edad | Edad de los Castillos |
| 15:04 | Construir | Town Center |
| 15:22 | Construir | Farm |
| 15:55 | Construir | Town Center |
| 16:14 | Crear | Villager (Male) |
| 16:15 | Crear | Villager (Male) |
| 17:03 | Construir | Town Center |
| 17:07 | Crear | Villager (Male) |
| 17:15 | Crear | Villager (Male) |
| 17:16 | Crear | Villager (Male) |
| 17:16 | Crear | Villager (Male) |
| 17:16 | Crear | Villager (Male) |
| 17:28 | Investigar | Bow Saw |
| 17:37 | Crear | Villager (Male) |
| 17:44 | Crear | Villager (Male) |
| 17:50 | Construir | House |
| 17:51 | Construir | House |
| 17:52 | Construir | House |
| 18:02 | Crear | Villager (Male) |
| 18:10 | Crear | Villager (Male) |
| 18:10 | Crear | Villager (Male) |
| 18:22 | Construir | Farm |
| 18:25 | Construir | Farm |
| 18:30 | Crear | Villager (Male) |
| 18:37 | Construir | Farm |
| 18:41 | Construir | Farm |
| 18:43 | Construir | Farm |
| 18:44 | Construir | Farm |
| 18:45 | Construir | Farm |
| 18:46 | Construir | Farm |
| 18:48 | Crear | Villager (Male) |
| 18:50 | Crear | Villager (Male) |
| 19:15 | Construir | Farm |
| 19:18 | Crear | Villager (Male) |
| 19:20 | Crear | Villager (Male) |
| 19:32 | Construir | House |
| 19:33 | Construir | House |
| 19:38 | Construir | Farm |
| 19:40 | Construir | Farm |
| 19:42 | Crear | Villager (Male) |
| 19:49 | Construir | Farm |
| 19:58 | Crear | Villager (Male) |
| 20:02 | Crear | Villager (Male) |
| 20:10 | Construir | Farm |
| 20:13 | Crear | Villager (Male) |
| 20:18 | Crear | Villager (Male) |
| 20:27 | Crear | Villager (Male) |
| 20:30 | Construir | Farm |
| 20:34 | Construir | Farm |
| 20:35 | Construir | Farm |
| 20:40 | Crear | Villager (Male) |
| 20:47 | Crear | Villager (Male) |
| 20:53 | Construir | Farm |
| 20:54 | Construir | Farm |
| 21:05 | Construir | Farm |
| 21:07 | Construir | Farm |
| 21:12 | Crear | Villager (Male) |
| 21:12 | Crear | Villager (Male) |
| 21:13 | Crear | Villager (Male) |
| 21:14 | Crear | Villager (Male) |
| 21:18 | Crear | Villager (Male) |
| 21:35 | Crear | Villager (Male) |
| 21:44 | Investigar | Heavy Plow |
| 21:47 | Construir | Farm |
| 21:48 | Crear | Villager (Male) |
| 21:49 | Crear | Villager (Male) |
| 21:56 | Construir | Farm |
| 21:57 | Construir | Farm |
| 21:58 | Construir | Farm |
| 22:00 | Crear | Villager (Male) |
| 22:00 | Crear | Villager (Male) |
| 22:08 | Crear | Villager (Male) |
| 22:12 | Crear | Villager (Male) |
| 22:16 | Crear | Villager (Male) |
| 22:35 | Construir | Town Center |
| 23:10 | Crear | Villager (Male) |
| 23:10 | Crear | Villager (Male) |
| 23:14 | Crear | Villager (Male) |
| 23:14 | Crear | Villager (Male) |
| 23:15 | Crear | Villager (Male) |
| 23:22 | Crear | Villager (Male) |
| 23:25 | Crear | Villager (Male) |
| 23:26 | Crear | Villager (Male) |
| 23:26 | Crear | Villager (Male) |
| 23:26 | Crear | Villager (Male) |
| 23:31 | Crear | Villager (Male) |
| 23:31 | Crear | Villager (Male) |
| 23:31 | Crear | Villager (Male) |
| 23:31 | Crear | Villager (Male) |
| 23:38 | Investigar | Stone Mining |
| 24:05 | Crear | Villager (Male) |
Build order — billgatesasesinoyladron
Primeras 150 de 378 acciones detectadas
| 0:11 | Construir | House |
| 0:13 | Construir | House |
| 0:16 | Investigar | Loom |
| 0:16 | Crear | Villager (Male) |
| 0:17 | Crear | Villager (Male) |
| 0:17 | Crear | Villager (Male) |
| 0:18 | Crear | Villager (Male) |
| 0:19 | Crear | Villager (Male) |
| 1:19 | Construir | Mill |
| 1:54 | Crear | Villager (Male) |
| 2:06 | Construir | Lumber Camp |
| 4:02 | Investigar | Feudal Age |
| 6:12 | Edad | Edad Feudal |
| 6:14 | Investigar | Wheelbarrow |
| 6:45 | Investigar | Town Watch |
| 7:44 | Crear | Villager (Male) |
| 7:44 | Crear | Villager (Male) |
| 7:45 | Crear | Villager (Male) |
| 8:48 | Crear | Villager (Male) |
| 8:48 | Crear | Villager (Male) |
| 9:39 | Crear | Villager (Male) |
| 9:39 | Crear | Villager (Male) |
| 9:40 | Crear | Villager (Male) |
| 10:17 | Crear | Villager (Male) |
| 10:47 | Crear | Villager (Male) |
| 10:54 | Construir | House |
| 11:16 | Construir | House |
| 11:22 | Construir | House |
| 12:07 | Construir | House |
| 13:05 | Crear | Villager (Male) |
| 13:06 | Crear | Villager (Male) |
| 13:06 | Crear | Villager (Male) |
| 13:07 | Crear | Villager (Male) |
| 13:10 | Crear | Villager (Male) |
| 13:10 | Crear | Villager (Male) |
| 13:10 | Crear | Villager (Male) |
| 14:00 | Investigar | Double-Bit Axe |
| 14:42 | Construir | House |
| 14:44 | Construir | House |
| 14:46 | Construir | House |
| 17:18 | Construir | Barracks |
| 17:36 | Construir | Blacksmith |
| 18:36 | Construir | Market |
| 18:44 | Investigar | Forging |
| 18:52 | Investigar | Man-at-Arms (upgrade) |
| 18:54 | Investigar | Arson |
| 19:14 | Construir | Farm |
| 19:17 | Construir | Farm |
| 19:18 | Construir | Farm |
| 19:20 | Construir | Farm |
| 19:33 | Construir | Farm |
| 19:41 | Construir | Farm |
| 19:58 | Construir | Farm |
| 20:00 | Construir | Farm |
| 20:04 | Investigar | Horse Collar |
| 20:20 | Construir | Farm |
| 20:28 | Crear | Villager (Male) |
| 20:29 | Crear | Villager (Male) |
| 20:29 | Crear | Villager (Male) |
| 20:29 | Crear | Villager (Male) |
| 20:30 | Crear | Villager (Male) |
| 20:33 | Crear | Villager (Male) |
| 20:46 | Construir | Farm |
| 20:48 | Construir | Farm |
| 21:38 | Construir | Market |
| 21:53 | Construir | Stable |
| 22:15 | Construir | Farm |
| 22:17 | Construir | Farm |
| 22:31 | Construir | Farm |
| 22:40 | Construir | Farm |
| 22:52 | Construir | Farm |
| 23:05 | Investigar | Castle Age |
| 24:06 | Construir | Mining Camp |
| 24:20 | Investigar | Scale Mail Armor |
| 24:21 | Investigar | Scale Barding Armor |
| 24:22 | Investigar | Padded Archer Armor |
| 24:49 | Construir | Farm |
| 24:57 | Investigar | Fletching |
| 25:23 | Construir | Lumber Camp |
| 25:32 | Construir | Lumber Camp |
| 25:45 | Edad | Edad de los Castillos |
| 25:46 | Investigar | Hand Cart |
| 26:17 | Investigar | Chain Mail Armor |
| 26:31 | Crear | Trade Cart |
| 26:32 | Crear | Trade Cart |
| 26:55 | Crear | Trade Cart |
| 26:55 | Crear | Trade Cart |
| 27:08 | Crear | Villager (Male) |
| 27:09 | Crear | Villager (Male) |
| 27:09 | Crear | Villager (Male) |
| 27:10 | Crear | Villager (Male) |
| 27:10 | Crear | Villager (Male) |
| 27:11 | Crear | Villager (Male) |
| 27:45 | Construir | Farm |
| 27:57 | Construir | Mill |
| 28:10 | Construir | Farm |
| 28:21 | Investigar | Town Patrol |
| 28:27 | Investigar | Husbandry |
| 28:51 | Construir | Farm |
| 28:53 | Construir | Farm |
| 29:15 | Crear | Trade Cart |
| 29:33 | Investigar | Heavy Plow |
| 29:36 | Investigar | Bow Saw |
| 29:46 | Investigar | Iron Casting |
| 30:05 | Crear | Villager (Male) |
| 30:05 | Crear | Villager (Male) |
| 30:06 | Crear | Villager (Male) |
| 30:06 | Crear | Villager (Male) |
| 30:07 | Crear | Villager (Male) |
| 30:07 | Crear | Villager (Male) |
| 30:23 | Construir | Farm |
| 30:28 | Construir | Farm |
| 30:32 | Construir | Farm |
| 30:38 | Construir | Mill |
| 31:14 | Crear | Trade Cart |
| 31:16 | Crear | Trade Cart |
| 31:17 | Crear | Trade Cart |
| 31:18 | Crear | Trade Cart |
| 31:39 | Investigar | Light Cavalry (upgrade) |
| 32:08 | Construir | Farm |
| 32:13 | Construir | Farm |
| 32:22 | Construir | House |
| 32:24 | Construir | House |
| 32:26 | Construir | House |
| 32:27 | Construir | House |
| 32:43 | Crear | Villager (Male) |
| 32:44 | Crear | Villager (Male) |
| 32:44 | Crear | Villager (Male) |
| 32:45 | Crear | Villager (Male) |
| 33:02 | Investigar | Bloodlines |
| 33:15 | Crear | Villager (Male) |
| 33:16 | Crear | Villager (Male) |
| 33:27 | Crear | Trade Cart |
| 33:27 | Crear | Trade Cart |
| 33:33 | Crear | Trade Cart |
| 34:25 | Construir | Town Center |
| 35:10 | Crear | Scout Cavalry |
| 35:10 | Crear | Scout Cavalry |
| 35:10 | Crear | Scout Cavalry |
| 35:11 | Crear | Scout Cavalry |
| 35:11 | Crear | Scout Cavalry |
| 35:11 | Crear | Scout Cavalry |
| 35:12 | Crear | Scout Cavalry |
| 35:12 | Crear | Scout Cavalry |
| 35:13 | Crear | Scout Cavalry |
| 35:13 | Crear | Scout Cavalry |
| 35:13 | Crear | Scout Cavalry |
| 35:14 | Crear | Scout Cavalry |
| 35:14 | Crear | Scout Cavalry |
| 35:15 | Crear | Scout Cavalry |
Build order — Kunji
Primeras 150 de 804 acciones detectadas
| 0:03 | Crear | Villager (Male) |
| 0:03 | Crear | Villager (Male) |
| 0:03 | Crear | Villager (Male) |
| 0:06 | Construir | House |
| 0:08 | Construir | House |
| 0:08 | Crear | Villager (Male) |
| 0:11 | Crear | Villager (Male) |
| 0:12 | Crear | Villager (Male) |
| 0:12 | Crear | Villager (Male) |
| 0:20 | Crear | Villager (Male) |
| 0:20 | Crear | Villager (Male) |
| 0:23 | Crear | Villager (Male) |
| 0:23 | Crear | Villager (Male) |
| 0:23 | Crear | Villager (Male) |
| 1:18 | Construir | Lumber Camp |
| 1:26 | Crear | Villager (Male) |
| 1:26 | Crear | Villager (Male) |
| 2:08 | Crear | Villager (Male) |
| 2:08 | Crear | Villager (Male) |
| 2:21 | Construir | House |
| 2:35 | Crear | Villager (Male) |
| 2:35 | Crear | Villager (Male) |
| 2:58 | Construir | House |
| 3:38 | Crear | Villager (Male) |
| 3:39 | Crear | Villager (Male) |
| 3:39 | Crear | Villager (Male) |
| 3:39 | Crear | Villager (Male) |
| 3:40 | Crear | Villager (Male) |
| 3:44 | Construir | House |
| 4:54 | Crear | Villager (Male) |
| 4:54 | Crear | Villager (Male) |
| 4:54 | Crear | Villager (Male) |
| 4:55 | Crear | Villager (Male) |
| 4:55 | Crear | Villager (Male) |
| 4:55 | Crear | Villager (Male) |
| 6:01 | Crear | Villager (Male) |
| 6:34 | Crear | Villager (Male) |
| 6:34 | Crear | Villager (Male) |
| 7:06 | Construir | Mill |
| 7:15 | Crear | Villager (Male) |
| 7:44 | Investigar | Feudal Age |
| 7:44 | Investigar | Feudal Age |
| 9:49 | Edad | Edad Feudal |
| 9:53 | Construir | Blacksmith |
| 9:55 | Construir | Market |
| 10:01 | Crear | Villager (Male) |
| 10:02 | Crear | Villager (Male) |
| 10:02 | Crear | Villager (Male) |
| 10:03 | Investigar | Double-Bit Axe |
| 10:03 | Investigar | Double-Bit Axe |
| 10:22 | Investigar | Horse Collar |
| 10:23 | Investigar | Horse Collar |
| 11:07 | Construir | Lumber Camp |
| 11:14 | Investigar | Castle Age |
| 11:14 | Investigar | Castle Age |
| 11:50 | Construir | Lumber Camp |
| 12:25 | Construir | House |
| 12:26 | Construir | House |
| 13:39 | Edad | Edad de los Castillos |
| 13:48 | Construir | Town Center |
| 13:55 | Construir | Town Center |
| 14:00 | Crear | Villager (Male) |
| 14:01 | Crear | Villager (Male) |
| 14:02 | Crear | Villager (Male) |
| 14:09 | Investigar | Bow Saw |
| 14:09 | Investigar | Bow Saw |
| 14:39 | Crear | Villager (Male) |
| 14:49 | Construir | Town Center |
| 14:53 | Crear | Villager (Male) |
| 14:53 | Crear | Villager (Male) |
| 15:06 | Crear | Villager (Male) |
| 15:11 | Crear | Villager (Male) |
| 15:12 | Crear | Villager (Male) |
| 15:22 | Crear | Villager (Male) |
| 15:35 | Construir | Town Center |
| 15:37 | Crear | Villager (Male) |
| 15:37 | Crear | Villager (Male) |
| 15:52 | Crear | Villager (Male) |
| 16:02 | Crear | Villager (Male) |
| 16:03 | Crear | Villager (Male) |
| 16:17 | Investigar | Heavy Plow |
| 16:17 | Investigar | Heavy Plow |
| 16:18 | Investigar | Heavy Plow |
| 16:31 | Construir | Farm |
| 16:33 | Construir | Farm |
| 16:34 | Construir | Farm |
| 16:36 | Construir | Farm |
| 16:39 | Crear | Villager (Male) |
| 16:51 | Construir | Farm |
| 16:52 | Construir | Farm |
| 16:53 | Construir | Farm |
| 17:05 | Crear | Villager (Male) |
| 17:05 | Crear | Villager (Male) |
| 17:11 | Construir | Farm |
| 17:13 | Construir | Farm |
| 17:14 | Construir | Farm |
| 17:16 | Construir | Farm |
| 17:18 | Construir | Farm |
| 17:20 | Construir | Farm |
| 17:21 | Crear | Villager (Male) |
| 17:21 | Crear | Villager (Male) |
| 17:42 | Crear | Villager (Male) |
| 17:42 | Crear | Villager (Male) |
| 17:48 | Construir | Farm |
| 17:50 | Construir | Farm |
| 17:52 | Construir | Farm |
| 17:54 | Crear | Villager (Male) |
| 17:54 | Crear | Villager (Male) |
| 18:00 | Construir | Farm |
| 18:09 | Construir | House |
| 18:10 | Construir | House |
| 18:16 | Crear | Villager (Male) |
| 18:17 | Crear | Villager (Male) ×2 |
| 18:17 | Crear | Villager (Male) |
| 18:20 | Crear | Villager (Male) |
| 18:29 | Construir | Farm |
| 18:30 | Crear | Villager (Male) |
| 18:30 | Crear | Villager (Male) |
| 18:42 | Construir | Farm |
| 18:43 | Construir | Farm |
| 18:44 | Crear | Villager (Male) |
| 18:45 | Crear | Villager (Male) |
| 18:45 | Crear | Villager (Male) |
| 18:45 | Crear | Villager (Male) |
| 18:58 | Construir | Farm |
| 18:59 | Construir | Farm |
| 19:00 | Construir | Farm |
| 19:02 | Construir | Farm |
| 19:03 | Crear | Villager (Male) |
| 19:03 | Crear | Villager (Male) |
| 19:03 | Crear | Villager (Male) |
| 19:04 | Crear | Villager (Male) |
| 19:15 | Construir | House |
| 19:16 | Construir | House |
| 19:16 | Construir | House |
| 19:16 | Construir | House |
| 19:19 | Construir | House |
| 19:20 | Construir | House |
| 19:21 | Construir | House |
| 19:21 | Construir | House |
| 19:23 | Construir | House |
| 19:24 | Construir | House |
| 19:31 | Construir | House |
| 19:31 | Construir | House |
| 19:31 | Construir | House |
| 19:31 | Construir | House |
| 19:33 | Construir | House |
| 19:33 | Construir | House |
| 19:35 | Construir | House |
| 19:36 | Construir | House |
Build order — Delulu
Primeras 150 de 627 acciones detectadas
| 0:01 | Crear | Villager (Male) ×5 |
| 0:03 | Construir | House |
| 0:04 | Construir | House |
| 0:43 | Crear | Villager (Male) ×5 |
| 0:43 | Crear | Villager (Male) ×5 |
| 0:44 | Crear | Villager (Male) ×5 |
| 1:52 | Crear | Villager (Male) |
| 1:53 | Crear | Villager (Male) |
| 2:38 | Crear | Villager (Male) |
| 2:38 | Crear | Villager (Male) |
| 2:40 | Crear | Villager (Male) |
| 2:40 | Crear | Villager (Male) |
| 2:40 | Crear | Villager (Male) |
| 3:25 | Construir | Lumber Camp |
| 3:36 | Crear | Villager (Male) |
| 3:36 | Crear | Villager (Male) |
| 3:52 | Construir | House |
| 3:58 | Construir | Mill |
| 4:09 | Crear | Villager (Male) |
| 4:10 | Crear | Villager (Male) |
| 5:36 | Construir | House |
| 5:37 | Construir | House |
| 6:17 | Investigar | Feudal Age |
| 6:17 | Crear | Villager (Male) |
| 6:18 | Crear | Villager (Male) |
| 8:45 | Construir | Lumber Camp |
| 8:51 | Edad | Edad Feudal |
| 8:55 | Construir | Market |
| 9:02 | Construir | Blacksmith |
| 9:05 | Construir | House |
| 9:12 | Investigar | Double-Bit Axe |
| 9:40 | Investigar | Castle Age |
| 9:41 | Investigar | Castle Age |
| 9:41 | Investigar | Castle Age |
| 10:17 | Crear | Villager (Male) |
| 10:18 | Crear | Villager (Male) |
| 10:19 | Investigar | Horse Collar |
| 12:21 | Edad | Edad de los Castillos |
| 12:26 | Investigar | Bow Saw |
| 12:26 | Investigar | Heavy Plow |
| 12:27 | Investigar | Heavy Plow |
| 12:36 | Construir | Town Center |
| 12:53 | Crear | Villager (Male) |
| 13:20 | Construir | Town Center |
| 13:31 | Crear | Villager (Male) |
| 13:48 | Crear | Villager (Male) ×5 |
| 13:49 | Crear | Villager (Male) |
| 13:52 | Construir | House |
| 14:12 | Construir | House |
| 14:15 | Construir | House |
| 14:17 | Construir | House |
| 14:18 | Construir | House |
| 14:20 | Crear | Villager (Male) |
| 14:20 | Crear | Villager (Male) |
| 14:28 | Crear | Villager (Male) ×2 |
| 14:31 | Construir | Farm |
| 14:47 | Construir | Farm |
| 14:52 | Crear | Villager (Male) |
| 14:58 | Construir | Farm |
| 15:08 | Construir | Farm |
| 15:13 | Crear | Villager (Male) |
| 15:13 | Crear | Villager (Male) |
| 15:14 | Crear | Villager (Male) |
| 15:15 | Construir | Farm |
| 15:21 | Construir | Farm |
| 15:27 | Crear | Villager (Male) |
| 15:27 | Crear | Villager (Male) |
| 15:30 | Construir | Farm |
| 15:37 | Construir | Farm |
| 15:40 | Crear | Villager (Male) |
| 15:40 | Crear | Villager (Male) |
| 15:45 | Construir | House |
| 15:53 | Construir | Farm |
| 15:56 | Crear | Villager (Male) |
| 15:56 | Crear | Villager (Male) |
| 15:59 | Construir | Farm |
| 16:03 | Construir | Farm |
| 16:10 | Construir | Farm |
| 16:12 | Crear | Villager (Male) |
| 16:12 | Crear | Villager (Male) |
| 16:21 | Construir | House |
| 16:25 | Crear | Villager (Male) |
| 16:26 | Crear | Villager (Male) |
| 16:29 | Crear | Villager (Male) ×2 |
| 16:29 | Crear | Villager (Male) ×2 |
| 16:29 | Crear | Villager (Male) ×2 |
| 16:32 | Construir | Farm |
| 16:37 | Construir | Farm |
| 16:39 | Crear | Villager (Male) |
| 16:40 | Crear | Villager (Male) |
| 16:42 | Construir | Farm |
| 16:43 | Crear | Villager (Male) |
| 16:44 | Crear | Villager (Male) |
| 16:44 | Crear | Villager (Male) |
| 16:46 | Construir | House |
| 16:48 | Construir | House |
| 16:53 | Construir | Farm |
| 16:56 | Crear | Villager (Male) |
| 16:56 | Crear | Villager (Male) |
| 17:05 | Construir | Farm |
| 17:08 | Crear | Villager (Male) |
| 17:18 | Crear | Villager (Male) |
| 17:18 | Crear | Villager (Male) |
| 17:21 | Construir | Farm |
| 17:28 | Crear | Villager (Male) ×3 |
| 17:28 | Crear | Villager (Male) ×3 |
| 17:36 | Crear | Villager (Male) |
| 17:37 | Crear | Villager (Male) |
| 17:37 | Crear | Villager (Male) |
| 17:40 | Construir | House |
| 17:41 | Construir | House |
| 17:46 | Crear | Villager (Male) |
| 17:46 | Crear | Villager (Male) |
| 17:46 | Crear | Villager (Male) |
| 17:46 | Crear | Villager (Male) |
| 17:54 | Construir | Lumber Camp |
| 18:03 | Crear | Villager (Male) |
| 18:03 | Crear | Villager (Male) |
| 18:13 | Construir | Farm |
| 18:14 | Construir | Farm |
| 18:15 | Construir | Farm |
| 18:20 | Crear | Villager (Male) |
| 18:20 | Crear | Villager (Male) |
| 18:32 | Crear | Villager (Male) |
| 18:33 | Crear | Villager (Male) |
| 18:42 | Crear | Villager (Male) |
| 18:42 | Crear | Villager (Male) |
| 18:42 | Crear | Villager (Male) |
| 18:46 | Construir | Town Center |
| 18:58 | Construir | House |
| 18:59 | Construir | House |
| 19:00 | Construir | House |
| 19:01 | Construir | House |
| 19:01 | Construir | House |
| 19:03 | Construir | House |
| 19:06 | Crear | Villager (Male) |
| 19:06 | Crear | Villager (Male) |
| 19:09 | Construir | Farm |
| 19:13 | Construir | Farm |
| 19:19 | Investigar | Wheelbarrow |
| 19:21 | Crear | Villager (Male) |
| 19:22 | Crear | Villager (Male) |
| 19:22 | Crear | Villager (Male) |
| 19:30 | Crear | Villager (Male) |
| 19:30 | Crear | Villager (Male) |
| 19:31 | Crear | Villager (Male) |
| 19:39 | Construir | House |
| 19:40 | Construir | House |
| 19:42 | Construir | House |
| 19:50 | Crear | Villager (Male) |
Cronología de la partida
| 0:33 | MAZANAKES · wall_segment Palisade Wall x25 |
| 6:12 | billgatesasesinoyladron · age_up feudal |
| 7:16 | Jan301198 · age_up feudal |
| 7:48 | 蕭瑟春秋 · resign |
| 8:51 | Delulu · age_up feudal |
| 8:56 | 心肌梗塞 · age_up feudal |
| 9:49 | Kunji · age_up feudal |
| 10:26 | 小龙问路 · age_up feudal |
| 10:36 | Delulu · first_market_sell 100 stone |
| 10:37 | Delulu · first_market_buy 500 food |
| 11:45 | MAZANAKES · age_up feudal |
| 12:02 | MAZANAKES · wall_segment Stone Wall x7 |
| 12:10 | MAZANAKES · wall_segment Stone Wall x17 |
| 12:21 | Delulu · age_up castle |
| 12:42 | MAZANAKES · wall_segment Stone Wall x22 |
| 12:43 | MAZANAKES · wall_segment Stone Wall x1 |
| 13:19 | 心肌梗塞 · first_building Barracks |
| 13:39 | Kunji · age_up castle |
| 14:01 | Jan301198 · first_market_sell 100 wood |
| 14:04 | Jan301198 · first_market_buy 100 food |
| 14:46 | 小龙问路 · age_up castle |
| 14:49 | 心肌梗塞 · age_up castle |
| 16:55 | Jan301198 · age_up castle |
| 17:18 | billgatesasesinoyladron · first_building Barracks |
| 19:18 | MAZANAKES · first_building Barracks |
| 21:42 | 小龙问路 · first_building Monastery |
| 21:53 | billgatesasesinoyladron · first_building Stable |
| 22:39 | Kunji · first_market_buy 100 food |
| 23:23 | MAZANAKES · age_up castle |
| 23:26 | MAZANAKES · first_building Archery Range |
| 24:42 | 心肌梗塞 · first_building Archery Range |
| 24:45 | 心肌梗塞 · first_building Stable |
| 24:51 | MAZANAKES · first_building Castle |
| 25:45 | billgatesasesinoyladron · age_up castle |
| 26:02 | Jan301198 · first_building Barracks |
| 26:08 | 心肌梗塞 · first_building Monastery |
| 26:18 | Delulu · first_building Monastery |
| 26:39 | Jan301198 · first_building Monastery |
| 28:15 | Kunji · first_building Monastery |
| 28:23 | Jan301198 · first_building Castle |
| 28:39 | 小龙问路 · first_building Barracks |
| 28:42 | 小龙问路 · age_up imperial |
| 28:46 | 小龙问路 · first_building Castle |
| 28:54 | Delulu · first_building Siege Workshop |
| 28:57 | MAZANAKES · first_building Monastery |
| 30:18 | Delulu · age_up imperial |
| 30:22 | Jan301198 · first_building Stable |
| 30:35 | Kunji · first_building Castle |
| 31:06 | 小龙问路 · first_building Archery Range |
| 31:07 | 小龙问路 · first_building Stable |
| 31:13 | 小龙问路 · first_building Siege Workshop |
| 31:35 | Delulu · first_building Castle |
| 31:57 | Kunji · age_up imperial |
| 32:18 | 心肌梗塞 · age_up imperial |
| 32:41 | Jan301198 · age_up imperial |
| 32:41 | 心肌梗塞 · first_building Castle |
| 39:34 | billgatesasesinoyladron · first_building Monastery |
| 40:35 | 心肌梗塞 · first_building Siege Workshop |
| 41:02 | MAZANAKES · age_up imperial |
| 41:15 | Delulu · first_building Barracks |
| 41:52 | billgatesasesinoyladron · first_market_buy 100 stone |
| 41:57 | MAZANAKES · first_market_buy 100 wood |
| 42:02 | Delulu · first_building Archery Range |
| 42:03 | Delulu · first_building Stable |
| 42:37 | billgatesasesinoyladron · first_building Castle |
| 44:27 | MAZANAKES · first_building Siege Workshop |
| 44:33 | Kunji · first_market_sell 500 wood |
| 44:43 | billgatesasesinoyladron · age_up imperial |
| 49:02 | MAZANAKES · first_market_sell 500 food |
| 50:17 | Kunji · first_building Siege Workshop |
[ ANÁLISIS IA · 1 CRÉDITO ]
¿Qué pasó realmente en esta partida?
Wolo.gg analiza cada decisión: build order, eco, micro, errores típicos por bracket. Análisis personalizado por WhatsApp o Discord en 30 segundos.
Guía civ
Teutones
Perfil
Jugador #19913465